 Dungeon Crawl Stone Soup version 0.27-a0-1555-g0e7b3fb1d2 (webtiles) character file.

Game seed: 12001727472195545564

1227 dickylongcocking the Magician (level 8, 0/58 HPs)
             Began as a Djinni Fire Elementalist on July 14, 2021.
             Killed by divine providence
             ... invoked by an orc priest
              (12 damage)
             ... on level 7 of the Dungeon.
             The game lasted 00:04:36 (6483 turns).

dickylongcocking the Magician (DjFE)                Turns: 6483, Time: 00:04:37

Health: 0/58       AC: 10    Str:  7    XL:     8   Next: 76%
Gold:   239        EV: 13    Int: 18    God:
                   SH:  0    Dex: 15

rFire    + + .     SeeInvis .   e - +0 spear (flame)
rCold    x . .     Faith    .   (no shield)
rNeg     . . .     Spirit   .   r - +0 steam dragon scales
rPois    ∞         Reflect  .   (no helmet)
rElec    .         Harm     .   (no cloak)
rCorr    .         Rampage  .   i - +0 pair of gloves
Will     .....                  (boots unavailable)
Stlth    ++........             (no amulet)
HPRegen  0.19/turn              m - +4 ring of protection
MPRegen  0.00/turn              (no ring)

@: flying, very slightly contaminated
A: sickness immunity, fire resistance 2, cold vulnerability 1, float, innate
caster, hp casting, extra vitality 1
a: no special abilities


You were on level 7 of the Dungeon.
You visited 1 branch of the dungeon, and saw 6 of its levels.

You collected 239 gold pieces.

Inventory:

Hand Weapons
 b - a +0 whip
 e - a +0 spear of flaming (weapon)
Armour
 a - a +0 robe
 i - a +0 pair of gloves (worn)
 r - +0 steam dragon scales (worn)
Jewellery
 m - a +4 ring of protection (left hand)
Wands
 k - a wand of digging (6)
 p - a wand of mindburst (10)
 u - a wand of flame (20)
Scrolls
 c - a scroll of enchant weapon {unknown}
 h - a scroll of magic mapping {unknown}
 j - a scroll of amnesia {unknown}
 l - 3 scrolls of identify {unknown}
 q - 2 scrolls of noise {unknown}
 t - a scroll of brand weapon {unknown}
Potions
 d - a potion of magic {unknown}
 f - 2 potions of lignification {unknown}
 g - 2 potions of flight {unknown}
 n - 2 potions of curing {unknown}
 o - a potion of brilliance {unknown}
 s - a potion of cancellation {unknown}
 v - a potion of degeneration {unknown}


   Skills:
 * Level 4.2 Fighting
 - Level 2.2 Polearms
 - Level 4.1 Dodging
 - Level 3.0 Stealth
 - Level 0.1 Unarmed Combat
 * Level 5.9 Spellcasting


You couldn't memorise any spells.
You knew the following spells:

 Your Spells              Type           Power      Damage    Failure   Level
a - Foxfire               Conj/Fire      100%       2x1d9     1%          1
b - Conjure Flame         Conj/Fire      26%        6-21      3%          3
c - Inner Flame           Hex/Fire       26%        N/A       3%          3
d - Sticky Flame          Conj/Fire      26%        2d5       11%         4
e - Fireball              Conj/Fire      13%        3d7       30%         5
f - Beastly Appendage     Tmut           52%        N/A       1%          1
g - Corpse Rot            Necr/Air       N/A        N/A       1%          2
h - Lesser Beckoning      Tloc           13%        N/A       3%          3
Your spell library was empty.

Dungeon Overview and Level Annotations

Branches:
Dungeon (7/15)
 Temple: D:4-7

Altars:
Ashenzari
Fedhas
Makhleb
Ru
Yredelemnul


Innate Abilities, Weirdness & Mutations

You are immune to sickness and miasma.
You are immune to poison.
Your flesh is very heat resistant. (rF++)
You are vulnerable to cold. (rC-)
You float through the air rather than walking.
You learn spells naturally, not from books.
Your magical power is your life essence.
You have superior vitality. (+4 HP)


Message History

Press: ? - help, Shift-Dir - straight line, f - orc warrior
Aim: an orc warrior, wielding a +0 trident and wearing a +0 chain mail (moderately wounded, chance to affect: 82%)
The orc warrior is filled with an inner flame.
The orc warrior hits you from afar with a +0 trident.
Unknown command.
Unknown command.
The orc priest calls upon Beogh to heal the orc warrior.
The orc warrior is healed somewhat.
The orc warrior hits you with a +0 trident!
Casting: Inner Flame (dangerous; 3% risk of failure)
Confirm with . or Enter, or press ? or * to list all spells.
Aiming: Sticky Flame (dangerous; 11% risk of failure)
Press: ? - help, Shift-Dir - straight line, f - orc warrior
Aim: an orc warrior, wielding a +0 trident and wearing a +0 chain mail (lightly wounded, inner flame, 100% to hit)
You miscast Sticky Flame.
Nothing appears to happen.
The orc warrior barely misses you.
Unknown command.
Unknown command.
Unknown command.
Unknown command.
Casting: Sticky Flame (dangerous; 11% risk of failure)
Confirm with . or Enter, or press ? or * to list all spells.
Aiming: Sticky Flame (dangerous; 11% risk of failure)
Press: ? - help, Shift-Dir - straight line, f/p - orc warrior
Aim: an orc warrior, wielding a +0 trident and wearing a +0 chain mail (lightly wounded, inner flame, 100% to hit)
The sticky flame hits the orc warrior.
Flame seeps out of the orc warrior.
The orc warrior is moderately wounded.
The orc warrior is covered in liquid flames!
The orc warrior burns!
Flame seeps out of the orc warrior.
The orc priest invokes the aid of Beogh against you.
Beogh smites you!
* * * LOW HITPOINT WARNING * * *
The orc warrior is engulfed in blazing flames.
Flame seeps out of the orc warrior.
Unknown command.
Okay, then.
The orc warrior burns!
Flame seeps out of the orc warrior.
The orc priest calls down the wrath of Beogh upon you.
Beogh smites you!
You die...

.# #.... ..####[
###..#..#.#.##........
..§....:...........##
. ................ #
#.#...#.#...###.. #
#o#o#.#.....# #.# ##
#o○o....#.#.###. #.
#........... #.
#@..#.#.#.# #.#.
#.###.....# #.#. ..#
##...## #.#. ##.
#...#######.#. #
##.............
#.###......##.##.#.
#...##..#.##.##.#.
#.#............... #
####.########...


You could see an orc warrior (inner flame, burning), an orc priest and an orc.

Vanquished Creatures
  A human (D:6)
  2 steam dragons
  A sky beast (D:7)
  2 ice beasts (D:7)
  A necrophage (D:6)
  A phantom (D:6)
  A wyvern zombie (D:7)
  2 scorpions (D:6)
  2 bullfrog skeletons (D:7)
  An orc wizard (D:3)
  A gnoll (D:1)
  6 adders
  A worm (D:3)
  A dart slug (D:2)
  6 orcs
  5 endoplasms
  10 goblins
  3 hobgoblins
  8 jackals
  A quokka (D:3)
  5 ball pythons
  A bat (D:1)
  4 frilled lizards (D:1)
  5 kobolds
  4 rats
75 creatures vanquished.

Vanquished Creatures (others)
  235 foxfires
235 creatures vanquished.

Grand Total: 310 creatures vanquished

Notes
Turn   | Place    | Note
-------+----------+-------------------------------------------
     0 | D:1      | dickylongcocking the Djinni Fire Elementalist began the
                  | quest for the Orb.
     0 | D:1      | Reached XP level 1. HP: 15/15 MP: 0/0
   238 | D:1      | Reached XP level 2. HP: 8/21 MP: 0/0
   752 | D:1      | Reached skill level 3 in Spellcasting
   907 | D:1      | Reached XP level 3. HP: 23/25 MP: 0/0
   907 | D:1      | Learned a level 1 spell: Beastly Appendage
  1984 | D:2      | Reached XP level 4. HP: 23/31 MP: 0/0
  2302 | D:2      | Found a blossoming altar of Fedhas.
  2545 | D:2      | Found a faded altar of an unknown god.
  3022 | D:3      | Reached XP level 5. HP: 5/35 MP: 0/0
  3022 | D:3      | Learned a level 2 spell: Corpse Rot
  3580 | D:3      | Found a burning altar of Makhleb.
  4322 | D:4      | You are sucked into a shaft and drop 2 floors!
  4338 | D:6      | Found a runed translucent door.
  4338 | D:6      | Noticed a human
  4338 | D:6      | Noticed a steam dragon
  4347 | D:6      | Killed a steam dragon
  4348 | D:6      | Reached skill level 1 in Fighting
  4348 | D:6      | Reached skill level 1 in Polearms
  4348 | D:6      | Reached skill level 4 in Spellcasting
  4348 | D:6      | Reached XP level 6. HP: 18/42 MP: 0/0
  4597 | D:6      | Found a basalt altar of Yredelemnul.
  4724 | D:6      | Noticed a necrophage
  4735 | D:6      | Killed a necrophage
  4736 | D:6      | Reached XP level 7. HP: 29/47 MP: 0/0
  4736 | D:6      | Learned a level 3 spell: Lesser Beckoning
  5346 | D:6      | Found a sacrificial altar of Ru.
  5351 | D:6      | Found a broken altar of Ashenzari.
  5580 | D:6      | Killed a human
  5581 | D:6      | Reached skill level 5 in Spellcasting
  5639 | D:7      | Reached XP level 8. HP: 20/54 MP: 0/0
  6483 | D:7      | Killed from afar by an orc priest

Illustrated notes

Levels and vault maps discovered:
D:1:      psy_arrival_statuary, layout_basic
D:2:      layout_basic, shapermc_ecumenical_altar_mp_vishouse, basic_altar
D:3:      layout_loops_ring, mainiacjoe_overflow_catwalk, serial_park_tiny_1,
          minivault_4
D:4:      layout_basic, uniq_eustachio
D:6:      layout_cave_pods, dk_yredelemnul_ordeal,
          mainiacjoe_overflow_large_starburst
D:7:      layout_loops_ring

Skill      XL: |  1  2  3  4  5  6  7  8 |
---------------+-------------------------+-----
Spellcasting   | 3 4 5 |  5.9
Dodging        | 3 4 |  4.1
Stealth        | 2 3 |  3.0
Fighting       | 1 2 4 |  4.2
Polearms       | 1 2 |  2.2
Unarmed Combat | |  0.1

Action                   |  1- 3 |  4- 6 |  7- 9 || total
-------------------------+-------+-------+-------++-------
Melee: Whip              |     5 |       |       ||     5
       Unarmed           |     1 |       |       ||     1
       Spear             |    12 |    51 |    22 ||    85
 Cast: Foxfire           |    64 |    58 |    31 ||   153
       Inner Flame       |     1 |     1 |     1 ||     3
       Sticky Flame      |       |     4 |    12 ||    16
  Use: Scroll            |     1 |       |       ||     1
 Stab: Sleeping          |     2 |       |     1 ||     3
Armor: Robe              |     4 |    17 |       ||    21
       Steam dragon scal |       |     3 |     8 ||    11
Dodge: Dodged            |    18 |    44 |    23 ||    85

Table legend: (Time is in decaauts)
 A = Elapsed time spent in this place.
 B = Non-inter-level travel time spent in this place.
 C = Inter-level travel time spent in this place.
 D = Time resting spent in this place.
 E = Time spent auto-exploring this place.
 F = Levels seen in this place.
 G = Mean time per level.
                   A        B        C        D        E       F      G
               +--------+--------+--------+--------+--------+-----+--------+
         Total |   6488 |   6403 |     85 |    749 |   5039 |   6 | 1081.3 |
       Dungeon |   6488 |   6403 |     85 |    749 |   5039 |   6 | 1081.3 |
               +--------+--------+--------+--------+--------+-----+--------+

Top non-repeatable levels by time:
     D:1: 1715 daAuts
     D:2: 1445 daAuts
     D:6: 1297 daAuts
     D:3: 1023 daAuts
     D:7: 864 daAuts
     D:4: 142 daAuts
